 Dungeon Crawl Stone Soup version 0.21.1-1-g345015f (webtiles) character file.

135 troglodite the Skirmisher (level 4, 0/37 HPs)
             Began as a Demonspawn Berserker on July 22, 2018.
             Was a Believer of Trog.
             Slain by Grinder (1 damage)
             ... on level 3 of the Dungeon.
             The game lasted 00:07:04 (3219 turns).

troglodite the Skirmisher (Demonspawn Berserker)    Turns: 3219, Time: 00:07:05

Health: 0/37       AC: 10    Str: 17    XL:     4   Next: 97%
Magic:  4/4        EV:  8    Int:  9    God:    Trog [**....]
Gold:   116        SH:  0    Dex: 13    Spells: 3/3 levels left

rFire    . . .     SeeInvis .   a - +0 falchion
rCold    . . .     Gourm    .   (no shield)
rNeg     . . .     Faith    .   e - +0 chain mail
rPois    .         Spirit   .   (no helmet)
rElec    .         Reflect  .   l - +0 cloak
rCorr    .         Harm     .   (no gloves)
MR       .....                  (no boots)
Stlth    ..........             (no amulet)
HPRegen  0.12/turn              (no ring)
MPRegen  0.09/turn              (no ring)

@: berserk cooldown, starving, slowed, very slow
A: powered by pain 2
a: Berserk, Trog's Hand, Burn Spellbooks, Renounce Religion


You were on level 3 of the Dungeon.
You worshipped Trog.
Trog was pleased with you.
You were starving.

You visited 1 branch of the dungeon, and saw 3 of its levels.

You collected 116 gold pieces.

Inventory:

Hand Weapons
 a - a +0 falchion (weapon)
Armour
 e - a +0 chain mail (worn)
 l - a +0 cloak (worn)
Jewellery
 r - an uncursed ring of protection from fire {unknown}
Wands
 i - a wand of digging (12)
Scrolls
 b - 2 scrolls of teleportation {unknown}
 f - 3 scrolls of immolation {unknown}
 g - 2 scrolls of remove curse {unknown}
 j - a scroll of amnesia {unknown}
 k - 4 scrolls of blinking {unknown}
 m - a scroll of magic mapping {unknown}
 o - a scroll of identify {unknown}
 p - a scroll of enchant weapon {unknown}
 s - a scroll of fear {unknown}
Potions
 d - a potion of mutation {unknown}
 h - a potion of curing
 n - a potion of lignification {unknown}
 q - a potion of ambrosia {unknown}
Comestibles
 c - 3 rations


   Skills:
 * Level 3.9 Fighting
 + Level 3.6 Long Blades
 * Level 2.8 Armour
 * Level 2.3 Dodging
 + Level 0.3 Stealth


You had 3 spell levels left.
You didn't know any spells.

Dungeon Overview and Level Annotations

Branches:
Dungeon (3/15)

Altars:
Wu Jian
The Shining One

Annotations:
D:3 Grinder


Innate Abilities, Weirdness & Mutations

You sometimes gain power by taking damage.


Message History

You hit Grinder.
Grinder is almost dead.
You are starving!
Grinder gestures at you. Pain shoots through your body! Grinder hits you.
Unknown command.
You are too injured to fight recklessly!
Your chain mail prevents you from hitting Grinder.
Grinder is almost dead.
Grinder gestures at you. Pain shoots through your body!
Grinder gestures at you. Pain shoots through your body!
* * * LOW HITPOINT WARNING * * *
You hit Grinder but do no damage.
Grinder is almost dead.
Grinder hits you.
* * * LOW HITPOINT WARNING * * *
You writhe in agony.
You die...

#.....# #.##...#
#.###.# #)##...# #
#.#...# #.##...# #
#.#.### #.##...#
####.#.######.##...####
(..................)..#
###
####.#.###.........##.#
#.. #
#........###...###.#
#.# # ###.###.##
#.@####.#########.# #
#.# #.#
#..5............... #
#.# #.#
#.#####.#########.# #
#.# #.# #.# #.# #.#
######.# #.# #.# #.#
#># .......#
#.####.#####.# #.#
######## #............#
#.# .)...#
######.####### #.#
####.# #.# #..


You could see Grinder.

Vanquished Creatures
  Terence (D:3)
  4 adders
  3 worms (D:2)
  A dart slug (D:1)
  4 leopard geckos
  An orc (D:3)
  9 bats
  4 giant cockroaches
  4 hobgoblins
  9 kobolds
  A ball python (D:3)
  5 frilled lizards
  8 goblins
  10 rats
64 creatures vanquished.

Notes
Turn   | Place    | Note
-------+----------+-------------------------------------------
     0 | D:1      | troglodite the Demonspawn Berserker began the quest for the Orb.
     0 | D:1      | Reached XP level 1. HP: 18/18 MP: 1/1
   216 | D:1      | Gained mutation: You sometimes gain a little power by taking damage. [demonic ancestry]
   216 | D:1      | Reached XP level 2. HP: 24/24 MP: 2/2
   809 | D:2      | Gained mutation: You sometimes gain power by taking damage. [demonic ancestry]
   809 | D:2      | Reached XP level 3. HP: 20/29 MP: 3/3
  1072 | D:2      | Reached ** piety under Trog
  1261 | D:2      | Found an ornate altar of the Wu Jian Council.
  1363 | D:2      | Reached XP level 4. HP: 33/37 MP: 4/4
  2105 | D:3      | Found a glowing golden altar of the Shining One.
  2338 | D:3      | Noticed Terence
  2349 | D:3      | Killed Terence
  2686 | D:3      | Noticed Grinder
  2696 | D:3      | Paralysed by Grinder for 6 turns
  2712 | D:3      | Paralysed by Grinder for 6 turns
  2728 | D:3      | Paralysed by Grinder for 4 turns
  2768 | D:3      | Paralysed by Grinder for 7 turns
  3191 | D:3      | Paralysed by Grinder for 5 turns
  3201 | D:3      | Paralysed by Grinder for 4 turns
  3208 | D:3      | Paralysed by Grinder for 6 turns
  3219 | D:3      | HP: 1/37 [Grinder (2)]
  3219 | D:3      | Slain by Grinder

Skill      XL: |  1  2 |
---------------+-------+-----
Armour         | 2 |  2.8
Dodging        | 2 |  2.3
Long Blades    | 3 |  3.6
Fighting       | |  3.9
Stealth        | |  0.3

Action                   |  1- 3 |  4- 6 || total
-------------------------+-------+-------++-------
Melee: Falchion          |   121 |    95 ||   216
Invok: Berserk           |     3 |     4 ||     7
       Trog's Hand       |       |     1 ||     1
  Use: Potion            |       |     2 ||     2
  Eat: Chunk             |     4 |     5 ||     9
       Ration            |       |     1 ||     1
Armor: Chain mail        |    77 |    55 ||   132
Dodge: Dodged            |    52 |    52 ||   104
       Rpst.: Falchion   |    17 |    22 ||    39
